 Dungeon Crawl Stone Soup version 0.23-a0-29-g1be82e5 (console) character file.

241 removed the Caller (level 5, 0/42 HPs)
             Began as a Demigod Summoner on Aug 3, 2018.
             Slain by a gnoll
             ... wielding a +0 spear
              (5 damage)
             ... on level 3 of the Dungeon.
             The game lasted 00:09:50 (5339 turns).

removed the Caller (Demigod Summoner)               Turns: 5339, Time: 00:09:50

Health: 0/42       AC:  2    Str: 11    XL:     5   Next: 51%
Magic:  12/12      EV: 12    Int: 21    God:
Gold:   163        SH:  0    Dex: 16    Spells: 7/10 levels left

rFire    . . .     SeeInvis +   a - +0 dagger (venom)
rCold    . . .     Gourm    .   (no shield)
rNeg     . . .     Faith    .   d - +0 robe
rPois    .         Spirit   .   (no helmet)
rElec    .         Reflect  .   (no cloak)
rCorr    .         Harm     .   (no gloves)
MR       .....                  (no boots)
Stlth    ++........             (no amulet)
HPRegen  0.14/turn              h - ring of see invisible
MPRegen  0.13/turn              (no ring)

@: no status effects
A: high mp 1
a: no special abilities


You were on level 3 of the Dungeon.
You were not hungry.

You visited 1 branch of the dungeon, and saw 4 of its levels.

You collected 163 gold pieces.

Inventory:

Hand Weapons
 a - a +0 dagger of venom (weapon)
 b - a +0 trident
 k - a +0 short sword
 r - a +0 dagger of speed
 s - a +0 spear
Missiles
 l - 7 steel javelins (quivered)
Armour
 d - a +0 robe (worn)
 t - a +0 crystal plate armour
Jewellery
 h - a ring of see invisible (left hand)
Scrolls
 g - 2 scrolls of amnesia {unknown}
 j - a scroll of fear {unknown}
 m - a scroll of enchant weapon {unknown}
 o - 2 scrolls of identify {unknown}
 p - a scroll of noise {unknown}
 x - a scroll of teleportation {unknown}
 C - a scroll of remove curse
 D - a scroll of immolation {unknown}
Potions
 f - a potion of curing {unknown}
 n - a potion of haste {unknown}
 q - 2 potions of flight {unknown}
 v - a potion of heal wounds {unknown}
Comestibles
 c - 7 rations


   Skills:
 - Level 2.5 Fighting
 - Level 1.7 Dodging
 - Level 1.7 Stealth
 + Level 3.2 Spellcasting
 - Level 5.0 Summonings


You had 7 spell levels left.
You knew the following spells:

 Your Spells              Type           Power        Failure   Level  Hunger
a - Summon Small Mammal   Summ           ###.         1%          1    None
b - Call Imp              Summ           ###.....     2%          2    ##.....

Your spell library contained the following spells:

 Spells                   Type           Power        Failure   Level  Hunger
 Summon Ice Beast         Ice/Summ       ##......     43%         4    ####...
 Call Canine Familiar     Summ           ###.....     4%          3    ###....
 Summon Lightning Spire   Summ/Air       ##......     43%         4    ####...
 Summon Guardian Golem    Hex/Summ       ##......     14%         3    ###....


Dungeon Overview and Level Annotations

Branches:
Dungeon (4/15)
 Temple: D:4-7

Annotations:
D:4 exclusion: 2 gnolls, Edmund


Innate Abilities, Weirdness & Mutations

You have an increased reservoir of magic. (+10% MP)


Message History

You eat one of the 8 rations.
That ration really hit the spot!
You climb downwards.
Level annotation: exclusion: 2 gnolls, Edmund The water moccasin skeleton bites you!
The gnoll hits you with a spear. The water moccasin skeleton bites you!
There is a stone staircase leading up here.
The gnoll hits you with a spear. The water moccasin skeleton bites you.
You climb upwards.
There is a stone staircase leading down here.
Your +0 dagger of venom begins to drip with poison!
a - a +0 dagger of venom (weapon)
The gnoll barely misses you.
Press: ? - help, v - describe, . - travel
Here: a gnoll, wielding a spear A stone staircase leading up.
You barely miss the gnoll. The gnoll hits you with a spear.
You barely miss the gnoll. The gnoll hits you with a spear!
* * * LOW HITPOINT WARNING * * *
The gnoll hits you with a spear.
You die...

......# #.# #.#.......#
......####'## #.#..####.#
............###.#..####.#####
+####.......##..#...........#####
.# #.......'.(..................
.####.......##..##..###.###.#####
##..................###.# #.#
##.#####.#####.##g......# #.#
................@>#.##### #.#
##..####'##.##.####.# #.#
##..##......##.# #.# #.#
....##..)..(##.# #.#######.#
##..........##.# #.........#
#..#..........# #.#########
#..#....####### #.# ##[.#....#
###.# ##..#...)# #.###


You could see a gnoll.

Vanquished Creatures
  A phantom (D:4)
  An orc wizard (D:3)
  5 adders
  An adder skeleton (D:4)
  4 dart slugs
  A leopard gecko (D:2)
  12 orcs
  2 giant cockroaches
  3 goblins
  3 hobgoblins
  3 jackals (D:4)
  A quokka (D:4)
  2 ball pythons
  5 bats
  4 frilled lizards
  3 kobolds
  A leopard gecko skeleton (D:4)
  3 rats (D:2)
55 creatures vanquished.

Vanquished Creatures (collateral kills)
  An adder (D:3)
  An ooze (D:2)
  A worm (D:2)
  A leopard gecko (D:1)
  3 orcs (D:3)
  2 bats
  A goblin (D:1)
  6 hobgoblins
  4 kobolds
  A frilled lizard (D:2)
  A rat (D:1)
22 creatures vanquished.

Grand Total: 77 creatures vanquished

Notes
Turn   | Place    | Note
-------+----------+-------------------------------------------
     0 | D:1      | removed the Demigod Summoner began the quest for the Orb.
     0 | D:1      | Reached XP level 1. HP: 14/14 MP: 5/5
   468 | D:1      | Reached skill level 4 in Summonings
   638 | D:1      | Reached XP level 2. HP: 13/20 MP: 4/7
  2288 | D:2      | Reached XP level 3. HP: 26/26 MP: 6/8
  2914 | D:3      | Reached skill level 5 in Summonings
  2992 | D:3      | Reached XP level 4. HP: 25/33 MP: 5/10
  3368 | D:2      | Learned a level 2 spell: Call Imp
  4126 | D:4      | Noticed Edmund
  4358 | D:4      | Noticed a phantom
  4444 | D:4      | Killed a phantom
  4444 | D:4      | Reached XP level 5. HP: 31/42 MP: 9/12
  5339 | D:3      | Slain by a gnoll

Vault maps used:
D:1:      giann_wishing_wells
D:2:      serial_curves, eino_curves_03, eino_curves_02, eino_curves_04,
          eino_curves_03, minivault_4
D:3:      first_ration
D:4:      overflow_temple_1_default, kennysheep_generic_room_3, uniq_edmund

Skill      XL: |  1  2  3  4 |
---------------+-------------+-----
Summonings     | 4 5 |  5.0
Spellcasting   | 2 3 |  3.2
Fighting       | 2 |  2.5
Dodging        | |  1.7
Stealth        | |  1.7

Action                   |  1- 3 |  4- 6 || total
-------------------------+-------+-------++-------
Melee: Short sword       |    70 |       ||    70
       Spear             |    58 |       ||    58
       Dagger            |    11 |    82 ||    93
       Trident           |       |    17 ||    17
 Cast: Summon Small Mamm |    60 |    12 ||    72
       Call Imp          |       |     1 ||     1
  Use: Scroll            |     1 |     1 ||     2
 Stab: Sleeping          |     1 |     2 ||     3
       Distracted        |     1 |     1 ||     2
  Eat: Chunk             |     6 |     7 ||    13
       Ration            |       |     1 ||     1
Armor: Robe              |    26 |     9 ||    35
Dodge: Dodged            |    99 |    59 ||   158

Table legend:
 A = Spawn XP
 B = Non-spawn XP
 C = Spawn XP percentage of total XP
 D = Spawn monster count
 E = Non-spawn monster count
 F = Spawn count percentage of total count
 G = Total turns spent on level
                    A         B        C        D         E        F      G
               +---------+---------+-------+---------+---------+-------+---------
         Total |       0 |     345 |   0.0 |       0 |      77 |   0.0 |  5339
               +---------+---------+-------+---------+---------+-------+---------
           D:1 |       0 |      29 |   0.0 |       0 |      19 |   0.0 |  1380
           D:2 |       0 |      89 |   0.0 |       0 |      26 |   0.0 |  1528
           D:3 |       0 |      95 |   0.0 |       0 |      20 |   0.0 |  1399
           D:4 |       0 |     132 |   0.0 |       0 |      12 |   0.0 |  1032
               +---------+---------+-------+---------+---------+-------+---------
